 Dungeon Crawl Stone Soup version 0.29-a0-885-gb26ba3297d (webtiles) character file.

Game seed: 6719633153472152541

1501 gobodom the Firebug (level 8, 0/54 HPs)
             Began as a Demonspawn Fire Elementalist on July 20, 2022.
             Was a Believer of Wu Jian.
             Slain by an orc warrior
             ... wielding a +0 glaive
              (13 damage)
             ... on level 6 of the Dungeon.
             The game lasted 00:16:42 (6437 turns).

gobodom the Firebug (Demonspawn Fire Elementalist)  Turns: 6437, Time: 00:16:43

Health: 0/54       AC:  5    Str:  8    XL:     8   Next: 52%
Magic:  3/16       EV: 10    Int: 22    God:    Wu Jian [**....]
Gold:   285        SH:  4    Dex: 15    Spells: 8/17 levels left

rFire   . . .      SeeInvis .   e - +3 sling "Qeneelak" {vorpal, rElec Will+}
rCold   + . .      Faith    .   (no shield)
rNeg    . . .      Spirit   .   l - +0 ring mail {rC+}
rPois   .          Reflect  .   (no helmet)
rElec   +          Harm     .   (no cloak)
rCorr   .          Rampage  .   (no gloves)
Will    +....                   (no boots)
Stlth   +.........              (no amulet)
HPRegen 0.18/turn               s - ring of flight
MPRegen 0.15/turn               y - +4 ring of slaying

@: flying, very slightly contaminated
A: big brain 2, condensation shield, demonic touch 2
a: Renounce Religion, Wall Jump


You were on level 6 of the Dungeon.
You worshipped Wu Jian.
Wu Jian was pleased with you.
You visited 2 branches of the dungeon, and saw 7 of its levels.

You collected 285 gold pieces.

Inventory:

Hand Weapons
 e - the +3 sling "Qeneelak" (weapon) {vorpal, rElec Will+}
   (You took it off a kobold on level 3 of the Dungeon)

   Any ammunition fired from it inflicts extra damage upon your enemies.
   rElec:     It insulates you from electricity.
   Will:      It increases your willpower.
 u - a +1 dagger of flaming
 w - a +2 dagger of venom
Missiles
 r - 3 silver boomerangs
Armour
 a - a +0 robe
 l - a +0 ring mail of cold resistance (worn)
 A - an orb of mayhem
Jewellery
 s - a ring of flight (left hand)
 y - a +4 ring of slaying (right hand)
Wands
 z - a wand of roots (9)
 C - a wand of acid (6)
Scrolls
 d - a scroll of acquirement {unknown}
 f - 4 scrolls of teleportation
 g - 2 scrolls of enchant armour {unknown}
 h - 5 scrolls of identify {unknown}
 i - a scroll of vulnerability {unknown}
 j - 2 scrolls of magic mapping {unknown}
 n - a scroll of silence {unknown}
 o - 2 scrolls of blinking {unknown}
 q - a scroll of noise {unknown}
 v - a scroll of immolation {unknown}
 B - a scroll of amnesia {unknown}
 D - a scroll of enchant weapon {unknown}
Potions
 b - 2 potions of magic
 c - a potion of brilliance {unknown}
 k - 4 potions of resistance {unknown}
 m - 2 potions of heal wounds {unknown}
 p - 2 potions of curing
 t - 2 potions of ambrosia {unknown}
 x - 3 potions of degeneration {unknown}


   Skills:
 + Level 1.3 Fighting
 + Level 0.6 Short Blades
 + Level 2.5 Ranged Weapons
 + Level 3.0 Armour
 + Level 2.7 Dodging
 + Level 2.3 Stealth
 + Level 5.4 Spellcasting
 + Level 3.6 Conjurations
 + Level 5.9 Fire Magic


You had 8 spell levels left.
You knew the following spells:

 Your Spells              Type           Power      Damage    Failure   Level
a - Foxfire               Conj/Fire      100%       2x1d9     4%          1
b - Scorch                Fire           64%        2d8       3%          2
c - Conjure Flame         Conj/Fire      27%        6-21      12%         3
d - Inner Flame           Hex/Fire       19%        N/A       24%         3

Your spell library contained the following spells:

 Spells                   Type           Power      Damage    Failure   Level
 Magic Dart               Conj           84%        1d7       6%          1
 Searing Ray              Conj           42%        2d6       10%         2
 Ignite Poison            Fire/Tmut/Pois 14%        N/A       36%         3
 Flame Wave               Conj/Fire      27%        2d7       36%         4
 Mephitic Cloud           Conj/Pois/Air  11%        N/A       45%         3
 Fulminant Prism          Conj/Hex       6%         3d7       80%         4
 Cause Fear               Hex            2%         N/A       95%         4
 Freezing Cloud           Conj/Ice/Air   5%         6-21      99%         5
 Dragon Form              Tmut           2%         N/A       100%        7
 Dragon's Call            Summ           2%         N/A       100%        9


Dungeon Overview and Level Annotations

Branches:
Dungeon (6/15)             Temple (1/1) D:4

Altars:
Ashenzari
Cheibriados
Gozag
Hepliaklqana
Kikubaaqudgha
Makhleb
Nemelex Xobeh
Okawaru
Qazlal
Ru
Sif Muna
Uskayaw
Vehumet
Wu Jian
Xom
Yredelemnul

Shops:
D:1 =


Innate Abilities, Weirdness & Mutations

You have an extremely huge brain. (Int +4)
A meltable shield of frost defends you. (SH +4)
Your touch may inflict irresistible damage on your foes.


Message History

The orc warrior is moderately wounded.
The foxfire hits the orc warrior!
The orc warrior is heavily wounded.
Casting: Foxfire (safe; 4% risk of failure)
Confirm with . or Enter, or press ? or * to list all spells.
You miscast Foxfire.
You are very lightly contaminated with residual magic.
Nothing appears to happen.
The foxfire hits the orc priest.
The orc priest is heavily wounded.
The foxfire hits the orc warrior.
The orc warrior is heavily wounded.
Casting: Foxfire (safe; 4% risk of failure)
Confirm with . or Enter, or press ? or * to list all spells.
You miscast Conjure Flame.
Nothing appears to happen.
The orc warrior hits you from afar with a +0 glaive.
The orc priest calls upon Beogh to heal the orc warrior.
The orc warrior is healed somewhat.
Casting: Conjure Flame (dangerous; 12% risk of failure)
Confirm with . or Enter, or press ? or * to list all spells.
Flames lash the orc priest.
The orc priest is almost dead.
The orc priest's fire resistance burns away.
The orc warrior barely misses you.
The orc priest mumbles some strange prayers to Beogh against you.
Beogh smites you!
Casting: Scorch (safe; 3% risk of failure)
Confirm with . or Enter, or press ? or * to list all spells.
Flames lash the orc.
You kill the orc!
The Council accepts your kill.
The orc warrior hits you from afar with a +0 glaive!
* * * LOW HITPOINT WARNING * * *
The orc priest miscasts a cantrip.
Casting: Scorch (safe; 3% risk of failure)
Confirm with . or Enter, or press ? or * to list all spells.
Flames lash the orc priest.
The orc priest is burned terribly!
You kill the orc priest!
The Council accepts your kill.
The orc warrior hits you from afar with a +0 glaive!
You die...

#.......# #.......#
#.......# .. ####
#.......## ... ....
.....[...# ##.## ##.
#.?.......###.... ###.
#....!o)#.....#.####
....
>......)##...##....^
.).#
####...#@.......... ..#
# ###..........# #.# #
.....#........#####.###
####...#.........##.#..
....##..##.#.##.......
.#.....###...#####.#.#
#.#### ###..# ##...#
..#########..###.....
.................###


You could see an orc warrior.

Vanquished Creatures
  Sigmund (D:3)
  3 black bears
  An ogre (D:5)
  2 phantoms (D:5)
  A bullfrog (D:6)
  A necrophage (D:5)
  A water moccasin zombie (D:5)
  5 scorpions
  A bullfrog zombie (D:5)
  6 hounds
  An orc priest (D:6)
  An iguana (D:5)
  An orc wizard (D:4)
  2 adders
  A shadow imp (D:5)
  A worm (D:5)
  4 dart slugs
  12 orcs
  2 bats (D:2)
  4 endoplasms
  A giant cockroach (D:3)
  5 goblins
  3 hobgoblins
  2 jackals (D:5)
  5 quokkas
  13 ball pythons
  6 frilled lizards
  4 kobolds
  4 rats
94 creatures vanquished.

Vanquished Creatures (others)
  230 foxfires
230 creatures vanquished.

Grand Total: 324 creatures vanquished

Notes
Turn   | Place    | Note
-------+----------+-------------------------------------------
     0 | D:1      | gobodom the Demonspawn Fire Elementalist began the quest
                  | for the Orb.
     0 | D:1      | Reached XP level 1. HP: 13/13 MP: 3/3
   733 | D:1      | Gained mutation: Your touch may inflict minor irresistible
                  | damage on your foes. [demonic ancestry]
   733 | D:1      | Reached XP level 2. HP: 19/19 MP: 0/5
  1135 | D:1      | Found Tomno's Jewellery Shop.
  2065 | D:2      | Gained mutation: Your touch may inflict irresistible damage
                  | on your foes. [demonic ancestry]
  2065 | D:2      | Reached XP level 3. HP: 24/24 MP: 0/6
  2192 | D:2      | Found a faded altar of an unknown god.
  2207 | D:2      | Prayed at the altar of an unknown god.
  2207 | D:2      | Became a worshipper of the Wu Jian Council
  2207 | D:2      | Reached * piety under Wu Jian
  2442 | D:3      | Gained mutation: You have an unusually large brain. (Int
                  | +2) [demonic ancestry]
  2442 | D:3      | Reached XP level 4. HP: 10/30 MP: 2/7
  2964 | D:3      | Noticed Sigmund
  2976 | D:3      | Killed Sigmund
  2977 | D:3      | Reached skill level 1 in Armour
  2977 | D:3      | Reached XP level 5. HP: 29/35 MP: 4/10
  3078 | D:3      | Learned a level 2 spell: Scorch
  3196 | D:3      | Identified the +3 sling "Qeneelak" {vorpal, rElec Will+}
  3317 | D:3      | Reached XP level 6. HP: 41/41 MP: 11/11
  3590 | D:4      | Reached ** piety under Wu Jian
  3716 | D:4      | Found an opulent altar of Gozag.
  3855 | D:4      | Found a staircase to the Ecumenical Temple.
  3915 | D:4      | Gained mutation: You have an extremely huge brain. (Int +4)
                  | [demonic ancestry]
  3915 | D:4      | Reached XP level 7. HP: 14/47 MP: 9/12
  4149 | D:4      | Reached skill level 1 in Fighting
  4163 | D:4      | Reached skill level 1 in Ranged Weapons
  4427 | D:4      | Found a burning altar of Makhleb.
  4671 | Temple   | Entered the Ecumenical Temple
  5025 | D:5      | Entered Level 5 of the Dungeon
  5031 | D:5      | Reached skill level 5 in Fire Magic
  5057 | D:5      | Learned a level 3 spell: Conjure Flame
  5061 | D:5      | Learned a level 3 spell: Inner Flame
  5314 | D:5      | Gained mutation: A meltable shield of frost defends you.
                  | (SH +4) [demonic ancestry]
  5314 | D:5      | Reached XP level 8. HP: 51/54 MP: 2/14
  5499 | D:5      | Reached skill level 5 in Spellcasting
  5673 | D:5      | Found a snail-covered altar of Cheibriados.
  5880 | D:5      | Found a basalt altar of Yredelemnul.
  6437 | D:6      | Slain by an orc warrior

Illustrated notes

Levels and vault maps discovered:
D:1:      zaba_arrival_water, layout_loops_corners, serial_shops, shop
D:2:      layout_rooms, chequers_ecumenical_altar_lobes
D:3:      layout_loops_ring, uniq_sigmund
D:4:      layout_rooms, makhleb_heckhound_becter, grunt_gozag_statues,
          minmay_temple_entry_tees, hangedman_decor_diamond_cutter
D:5:      layout_loops_ring, slow_altar_1, lemuel_zombie_altar_yredelemnul,
          mainiacjoe_overflow_brackets
D:6:      layout_rooms, lemuel_round_altar, serial_shops,
          nicolae_shop_statue_plus, glass_columns_a
Temple:   compressed_dpeg_triangle_lava_temple

Skill      XL: |  1  2  3  4  5  6  7  8 |
---------------+-------------------------+-----
Fire Magic     | 3 4 5 |  5.9
Stealth        | 2 |  2.3
Armour         | 1 2 3 |  3.0
Dodging        | 2 |  2.7
Spellcasting   | 3 4 5 |  5.4
Conjurations   | 2 3 |  3.6
Fighting       | 1 |  1.3
Ranged Weapons | 1 2 |  2.5
Short Blades   | |  0.6

Action                   |  1- 3 |  4- 6 |  7- 9 || total
-------------------------+-------+-------+-------++-------
Melee: Club              |    25 |    19 |       ||    44
       Unarmed           |     6 |       |       ||     6
       Touch             |     4 |     4 |     1 ||     9
       Dagger            |       |    11 |     5 ||    16
 Fire: Sling             |       |    11 |    35 ||    46
 Cast: Foxfire           |    76 |    54 |    11 ||   141
       Scorch            |       |     3 |    46 ||    49
       Conjure Flame     |       |       |     1 ||     1
Invok: Lunge             |       |     1 |       ||     1
       Whirlwind         |       |       |     2 ||     2
  Use: Potion            |       |     2 |       ||     2
       Scroll            |       |     1 |       ||     1
 Stab: Sleeping          |       |     1 |       ||     1
Armor: Robe              |     1 |       |       ||     1
       Ring mail         |     7 |    18 |    14 ||    39
Dodge: Dodged            |    20 |    29 |    26 ||    75
Block: Other             |       |       |     5 ||     5

Table legend: (Time is in decaauts)
 A = Elapsed time spent in this place.
 B = Non-inter-level travel time spent in this place.
 C = Inter-level travel time spent in this place.
 D = Time resting spent in this place.
 E = Time spent auto-exploring this place.
 F = Levels seen in this place.
 G = Mean time per level.
                   A        B        C        D        E       F      G
               +--------+--------+--------+--------+--------+-----+--------+
         Total |   6472 |   6239 |    233 |    715 |   4689 |   7 |  924.6 |
       Dungeon |   6164 |   5984 |    180 |    715 |   4444 |   6 | 1027.3 |
        Temple |    308 |    255 |     53 |      0 |    245 |   1 |  308.0 |
               +--------+--------+--------+--------+--------+-----+--------+

Top non-repeatable levels by time:
     D:1: 1584 daAuts
     D:4: 1199 daAuts
     D:5: 1196 daAuts
     D:3: 1118 daAuts
     D:2: 839 daAuts
  Temple: 308 daAuts
     D:6: 225 daAuts
